 Dungeon Crawl Stone Soup version 0.29.1-1-gd02db6906a (webtiles) character file.

Game seed: 6827756637384740216

9617 Draeca the Basher (level 11, -2/73 HPs)
             Began as a Gargoyle Monk on Oct 2, 2022.
             Was a High Priest of Trog.
             Killed from afar by a starcursed mass (8 damage)
             ... with an accursed screaming
             ... on level 1 of the Abyss on Oct 3, 2022.
             The game lasted 02:19:11 (10938 turns).

Draeca the Basher (Gargoyle Monk)                  Turns: 10938, Time: 02:19:12

Health: -2/73      AC: 30    Str: 24    XL:     11   Next: 49%
Magic:  11/11      EV: 11    Int: 12    God:    Trog [*****.]
Gold:   592        SH:  3    Dex: 12    Spells: 10/10 levels left

rFire   . . .      SeeInvis +   n - +8 flail (protect)
rCold   . . .      Faith    .   m - +0 buckler
rNeg    + . .      Spirit   .   G - +0 plate armour
rPois   ∞          Reflect  .   (no helmet)
rElec   +          Harm     .   (no cloak)
rCorr   .          Rampage  .   e - +0 pair of gloves
Will    .....                   (no boots)
Stlth   ..........              (no amulet)
HPRegen 0.22/turn               N - +6 ring of strength
MPRegen 0.12/turn               x - +4 ring of evasion

@: under a protective aura
A: sickness immunity, AC +8, negative energy resistance 1, electricity
resistance, torment resistance 1, petrification resistance, claws 1, hooves 2,
see invisible
a: Renounce Religion, Berserk, Trog's Hand, Brothers in Arms


You were on level 1 of the Abyss.
You worshipped Trog.
Trog was extremely pleased with you.
You visited 2 branches of the dungeon, and saw 11 of its levels.
You visited the Abyss 1 time.

You collected 592 gold pieces.

Inventory:

Hand Weapons
 n - a +8 flail of protection (weapon)
 q - a +7 club
 D - a +4 hand axe
Missiles
 o - 20 poisoned darts (quivered)
Armour
 e - a +0 pair of gloves (worn)
 m - a +0 buckler (worn)
 r - a +2 robe of positive energy
 t - the +0 robe of Instinct {rF+ Slay+3}
   (You found it on level 3 of the Dungeon)

   Slay:      It affects your accuracy & damage with ranged weapons and melee
   (+3).
   rF:        It protects you from fire.
 G - a +0 plate armour (worn)
Jewellery
 x - a +4 ring of evasion (right hand)
 N - a +6 ring of strength (left hand)
Wands
 y - a wand of iceblast (19)
 z - a wand of acid (15)
 H - a wand of charming (9)
 I - a wand of polymorph (9)
 J - a wand of mindburst (13)
 K - a wand of flame (5)
Scrolls
 a - 3 scrolls of noise
 b - a scroll of enchant weapon
 g - 3 scrolls of teleportation
 i - 2 scrolls of fear
 v - a scroll of torment
 w - 3 scrolls of vulnerability
 A - a scroll of immolation
 B - a scroll of blinking
 E - a scroll of brand weapon
 F - a scroll of amnesia {unknown}
 M - a scroll of summoning {unknown}
Potions
 c - 4 potions of ambrosia
 f - 2 potions of attraction
 h - 2 potions of degeneration {unknown}
 j - 4 potions of heal wounds {unknown}
 k - 9 potions of curing
 l - 2 potions of might {unknown}
 p - 3 potions of lignification
 s - 3 potions of mutation
 u - a potion of berserk rage {unknown}
 C - a potion of haste {unknown}
 L - a potion of cancellation {unknown}


   Skills:
 + Level 10.3 Fighting
 * Level 12.7 Maces & Flails
 + Level 9.5 Armour
 - Level 2.7 Dodging
 - Level 2.8 Stealth


You had 10 spell levels left.
You didn't know any spells.
Your spell library contained the following spells:

 Spells                   Type           Power      Damage    Failure   Level
 Beastly Appendage        Tmut           0%         N/A       99%         1


Dungeon Overview and Level Annotations

Branches:
Dungeon (10/15)            Temple (1/1) D:6
   Lair: D:8-11         Orc: D:9-12

Altars:
Ashenzari
Cheibriados
Dithmenos
Elyvilon
Fedhas
Gozag
Hepliaklqana
Kikubaaqudgha
Makhleb
Nemelex Xobeh
Okawaru
Qazlal
Ru
Sif Muna
Trog
Uskayaw
Vehumet
Wu Jian
Xom
Yredelemnul
Zin
The Shining One

Shops:
D:1 ?   D:4 [   D:7 =:*![

Annotations:
D:10 Erolcha
Temple 2 transporters


Innate Abilities, Weirdness & Mutations

You are immune to sickness and miasma.
Your stone body is resilient. (AC +8)
You are immune to poison.
You resist negative energy. (rN+)
You are resistant to electric shocks. (rElec)
You are resistant to unholy torment.
You are immune to petrification.
You have sharp fingernails.
You have hoof-like feet.
You have supernaturally acute eyesight. (SInv)


Message History

A raiju comes into view.
The raiju closely misses you.
You thump the raiju!
Your weapon exudes an aura of protection.
The raiju is moderately wounded.
You sock the raiju!
The raiju is heavily wounded.
The raiju bites you but does no damage.
You hit the raiju.
The raiju is heavily wounded.
The raiju closely misses you.
You bludgeon the raiju!!
You kill the raiju!
Trog accepts your kill.
You see here a raiju corpse.
A starcursed mass comes into view.
A starcursed mass splits.
The starcursed mass shrieks in your mind.
A starcursed mass splits.
A chorus of shrieks assaults your mind.
A starcursed mass splits.
A starcursed mass splits.
A chorus of shrieks assaults your mind. A chorus of shrieks assaults your mind.
A chorus of shrieks assaults your mind.
* * * LOW HITPOINT WARNING * * *
A chorus of shrieks assaults your mind.
* * * LOW HITPOINT WARNING * * *
The starcursed mass closely misses you. You block the starcursed mass's attack.
You hit the starcursed mass but do no damage.
Your weapon exudes an aura of protection.
A chorus of shrieks assaults your mind.
* * * LOW HITPOINT WARNING * * *
You sock the starcursed mass!
You kick the starcursed mass, but do no damage.
The starcursed mass is severely damaged.
The starcursed mass shudders and is absorbed by its neighbour.
A starcursed mass splits.
A chorus of shrieks assaults your mind.
You die...

. #..#. #.. . #
......#..#..#.#
#.........###.#
.. #..........#
# .X# #
.##.....#....X#
#.
###....#...###.#
# .#...#.###.#.#
# # .
.#XXX....#..# .
# #.#.#@X.#
.##.# . ..#.
#.##.#..# . ..#
..# #.# #..#.# #
. ..
#....##.##..#
##.†###..#.##..
# ###.. ..... .
..... # ##..
.....# . .###..#
.# . ## #. ##.#
.


You could see 4 starcursed masses.

Vanquished Creatures
  2 sixfirhies (Abyss:1)
  Pikel (D:5)
  A worldbinder (Abyss:1)
  Joseph (D:8)
  A komodo dragon (D:7)
  An ice devil (Abyss:1)
  A large abomination (Abyss:1)
  3 raiju (Abyss:1)
  A ynoxinul (Abyss:1)
  2 wraiths
  A wyvern (D:7)
  Grum (D:8)
  4 yaks (D:9)
  A steam dragon (D:6)
  Menkaure (D:7)
  2 small abominations (Abyss:1)
  3 water moccasins
  Edmund (D:4)
  3 ice beasts
  2 orc warriors
  2 centaurs
  3 wolves (D:7)
  3 phantoms (D:5)
  2 kobold brigands
  6 bullfrogs
  A spectral water moccasin (D:6)
  4 scorpions
  A gnoll sergeant (D:5)
  3 necrophages
  8 wights (D:9)
  8 killer bees (D:9)
  3 howler monkeys
  3 hounds
  5 orc priests
  2 bullfrog skeletons (D:6)
  Jessica (D:2)
  Ijyb (D:3)
  6 iguanas
  10 orc wizards
  A bullfrog simulacrum (D:6)
  12 gnolls
  10 adders
  A shadow imp (D:5)
  An ufetubus (D:7)
  4 dart slugs
  28 orcs
  6 endoplasms
  A giant cockroach (D:3)
  4 goblins
  8 hobgoblins
  4 jackals (D:1)
  17 kobolds
  6 quokkas
  2 ball pythons
  3 bats
  2 frilled lizards
  3 rats (D:1)
218 creatures vanquished.

Vanquished Creatures (others)
  61 plants (D:1)
  16 withered plants (D:6)
77 creatures vanquished.

Grand Total: 295 creatures vanquished

Notes
Turn   | Place    | Note
-------+----------+-------------------------------------------
     0 | D:1      | Draeca the Gargoyle Monk began the quest for the Orb.
     0 | D:1      | Reached XP level 1. HP: 14/14 MP: 1/1
   269 | D:1      | Reached XP level 2. HP: 14/19 MP: 2/2
   280 | D:1      | Found Vetiluuf's Magic Scroll Emporium.
   342 | D:1      | Found a faded altar of an unknown god.
   371 | D:1      | Got Plato's Quarto of Transmutation
   391 | D:1      | Prayed at the altar of an unknown god.
   391 | D:1      | Became a worshipper of Trog the Wrathful
   391 | D:1      | Reached * piety under Trog
   391 | D:1      | Reached ** piety under Trog
   626 | D:1      | Reached XP level 3. HP: 13/24 MP: 3/3
  1457 | D:2      | Reached *** piety under Trog
  1509 | D:2      | Noticed Jessica
  1521 | D:2      | Killed Jessica
  1522 | D:2      | Reached XP level 4. HP: 6/29 MP: 4/4
  1898 | D:2      | Found a blossoming altar of Fedhas.
  1986 | D:2      | Reached skill level 1 in Armour
  2159 | D:3      | Noticed Ijyb
  2191 | D:3      | Killed Ijyb
  2192 | D:3      | Reached skill level 4 in Maces & Flails
  2203 | D:3      | Reached XP level 5. HP: 24/33 MP: 5/5
  2241 | D:3      | Identified the +0 robe of Instinct {rF+ Slay+3}
  2944 | D:4      | Found Leqauzish's Armour Shoppe.
  3469 | D:4      | Reached XP level 6. HP: 27/39 MP: 6/6
  3560 | D:4      | Reached **** piety under Trog
  3630 | D:4      | Reached skill level 5 in Maces & Flails
  3700 | D:4      | Gained mutation: You occasionally lose the ability to drink
                  | potions when taking damage. [potion of mutation]
  3700 | D:4      | Gained mutation: You expend magic power (3 MP) to
                  | strengthen your wands. [potion of mutation]
  3700 | D:4      | Gained mutation: You have hidden genetic potential. [potion
                  | of mutation]
  3860 | D:5      | Entered Level 5 of the Dungeon
  3860 | D:5      | Noticed Edmund
  3878 | D:4      | Killed Edmund
  3879 | D:4      | Reached skill level 5 in Fighting
  4015 | D:5      | Reached XP level 7. HP: 32/44 MP: 7/7
  4098 | D:5      | Gained mutation: You have supernaturally acute eyesight.
                  | (SInv) [hidden potential]
  4103 | D:5      | Reached skill level 6 in Maces & Flails
  4216 | D:5      | Noticed Pikel
  4232 | D:5      | Killed Pikel
  4233 | D:5      | Reached skill level 7 in Maces & Flails
  4233 | D:5      | Reached XP level 8. HP: 51/51 MP: 8/8
  4233 | D:5      | Gained mutation: Your spells are a little harder to cast,
                  | but a little more powerful. [hidden potential]
  4233 | D:5      | Lost mutation: You have hidden genetic potential. [hidden
                  | potential expressed]
  4557 | D:5      | Reached skill level 5 in Armour
  4792 | D:5      | Reached skill level 8 in Maces & Flails
  5058 | D:5      | Reached XP level 9. HP: 54/57 MP: 9/9
  5445 | D:6      | Found a staircase to the Ecumenical Temple.
  5455 | Temple   | Entered the Ecumenical Temple
  5455 | Temple   | Found a transporter.
  5455 | Temple   | Found a transporter.
  5457 | Temple   | Found a transporter.
  5457 | Temple   | Found a transporter.
  5600 | D:6      | Reached skill level 9 in Maces & Flails
  5812 | D:6      | Found the +4 dagger "Morg" {pain, Will+ Int+5}
  5932 | D:6      | Found an opulent altar of Gozag.
  5971 | D:6      | Found a shimmering blue altar of Sif Muna.
  6186 | D:7      | Found Giloemn's Book Shop.
  6221 | D:7      | Lost mutation: Your spells are a little harder to cast, but
                  | a little more powerful. [potion of mutation]
  6221 | D:7      | Lost mutation: You occasionally lose the ability to drink
                  | potions when taking damage. [potion of mutation]
  6221 | D:7      | Lost mutation: You expend magic power (3 MP) to strengthen
                  | your wands. [potion of mutation]
  6221 | D:7      | Gained mutation: You have large cloven feet. [potion of
                  | mutation]
  6221 | D:7      | Gained mutation: You have sharp fingernails. [potion of
                  | mutation]
  6221 | D:7      | Gained mutation: You have hoof-like feet. [potion of
                  | mutation]
  6387 | D:7      | Found Luvanigo's Jewellery Shop.
  6491 | D:7      | Reached skill level 10 in Maces & Flails
  6518 | D:7      | Reached XP level 10. HP: 58/64 MP: 10/10
  6831 | D:7      | Found Kozab's Distillery.
  6853 | D:7      | Noticed Menkaure
  6859 | D:7      | Killed Menkaure
  6866 | D:7      | Found a stormy altar of Qazlal.
  7124 | D:7      | Found Ycili's General Store.
  7208 | D:7      | Found Fennius's Antique Armour Boutique.
  7433 | D:8      | Noticed Joseph
  7538 | D:7      | Reached ***** piety under Trog
  7765 | D:8      | Noticed Grum
  7765 | D:8      | HP: 1/65 [Joseph/sling bullet (12)]
  8096 | D:8      | Killed Grum
  8249 | D:8      | Killed Joseph
  8250 | D:8      | Reached skill level 11 in Maces & Flails
 10168 | D:9      | Reached XP level 11. HP: 63/71 MP: 11/11
 10645 | D:10     | Entered Level 10 of the Dungeon
 10645 | D:10     | Noticed Erolcha
 10649 | Abyss:1  | Cast into level 1 of the Abyss (Erolcha)
 10689 | Abyss:1  | Reached skill level 12 in Maces & Flails
 10704 | Abyss:1  | Found a corrupted altar of Lugonu.
 10751 | Abyss:1  | Noticed a sixfirhy
 10759 | Abyss:1  | Noticed a worldbinder
 10762 | Abyss:1  | Killed a sixfirhy
 10767 | Abyss:1  | Killed a worldbinder
 10768 | Abyss:1  | Reached skill level 10 in Fighting
 10805 | Abyss:1  | Noticed a sixfirhy
 10821 | Abyss:1  | Killed a sixfirhy
 10914 | Abyss:1  | Noticed a starcursed mass
 10938 | Abyss:1  | Killed from afar by a starcursed mass

Illustrated notes

Levels and vault maps discovered:
D:1:      roderic_crop_circles_arrival_small, layout_loops_cross,
          shapermc_ecumenical_altar_rom_forum, serial_shops, shop
D:2:      layout_rooms, basic_altar, minivault_19, uniq_jessica
D:3:      layout_rooms, serial_corexii_hall, corexii_hall_statues_l,
          corexii_hall_statues_i, corexii_hall_statues_s,
          corexii_hall_statues_i, chequers_hall_statues_wall_a,
          corexii_hall_statues_x, uniq_ijyb
D:4:      layout_rooms, serial_shops, kennysheep_little_box
D:5:      minmay_evil_eye, layout_loops_ring, kennysheep_generic_room_7,
          uniq_edmund, uniq_pikel
D:6:      layout_loops_cross, minitemple, minmay_temple_entry_statues_fountains,
          nicolae_kite_square_tiling_tiny, dilly_guarded_unrand_morg
D:7:      layout_basic, mainiacjoe_overflow_catwalk, serial_shops,
          nicolae_shop_hallway_stairs, shop, shop, shop_coins, shop_fountains,
          kennysheep_generic_room_12, uniq_menkaure
D:8:      layout_layer_cave, uniq_grum, uniq_joseph
D:9:      layout_cave_pods
D:10:     layout_rooms, lair_entry_dummy, serial_shops, nicolae_take_the_stairs,
          uniq_erolcha, uniq_maggie
Temple:   hellmonk_temple_divided_pantheon
Abyss:1:  base:
D:5

Skill      XL: |  1  2  3  4  5  6  7  8  9 10 11 |
---------------+----------------------------------+-----
Fighting       | 4 5 6 7 8 9 10 | 10.3
Armour         | 1 2 3 4 5 7 8 9 |  9.5
Maces & Flails | 4 5 7 8 10 11 12 | 12.7
Dodging        | |  2.7
Stealth        | |  2.8

Action                   |  1- 3 |  4- 6 |  7- 9 | 10-12 || total
-------------------------+-------+-------+-------+-------++-------
Melee: Mace              |    91 |       |       |       ||    91
       Punch             |     5 |       |     3 |     2 ||    10
       Flail             |    48 |    11 |   222 |   284 ||   565
       Club              |       |   167 |       |       ||   167
       Kick              |       |       |     6 |    74 ||    80
Invok: Berserk           |     3 |     1 |     1 |     2 ||     7
       Trog's Hand       |       |     1 |     1 |     1 ||     3
Evoke: Wand              |       |       |       |     2 ||     2
  Use: Scroll            |       |    10 |     2 |     1 ||    13
       Potion            |       |     1 |     1 |       ||     2
 Stab: Sleeping          |       |     3 |     1 |       ||     4
Armor: Robe              |    10 |    51 |    41 |       ||   102
       Ring mail         |    25 |       |       |       ||    25
       Scale mail        |       |     3 |     9 |       ||    12
       Plate armour      |       |       |    17 |   237 ||   254
       Steam dragon scal |       |       |    13 |       ||    13
       Skin              |       |       |    10 |       ||    10
Dodge: Dodged            |    49 |   103 |   138 |   188 ||   478
Block: Buckler           |       |       |       |    30 ||    30
